 Dungeon Crawl Stone Soup version 0.27-a0-1301-g128193abf8 (webtiles) character file.

Game seed: 18432960353471681144

25 freelancePsychic the Vexing (level 2, -1/22 HPs)
             Began as a Demonspawn Arcane Marksman on June 17, 2021.
             Slain by Sigmund (7 damage)
             ... on level 2 of the Dungeon.
             The game lasted 00:01:57 (1170 turns).

freelancePsychic the Vexing (DsAM)                  Turns: 1170, Time: 00:01:57

Health: -1/22      AC:  3    Str: 10    XL:     2   Next: 86%
Magic:  3/3        EV: 12    Int: 14    God:
Gold:   28         SH:  0    Dex: 13    Spells: 2/3 levels left

rFire    . . .     SeeInvis .   g - +1 dagger (venom)
rCold    . . .     Faith    .   (no shield)
rNeg     . . .     Spirit   .   d - +1 robe
rPois    .         Reflect  .   (no helmet)
rElec    .         Harm     .   (no cloak)
rCorr    .         Rampage  .   (no gloves)
Will     .....                  (no boots)
Stlth    +.........             (no amulet)
HPRegen  0.07/turn              (no ring)
MPRegen  0.08/turn              (no ring)

@: confused
A: talons 1
a: no special abilities


You were on level 2 of the Dungeon.
You visited 1 branch of the dungeon, and saw 2 of its levels.

You collected 28 gold pieces.

Inventory:

Hand Weapons
 a - a +0 shortbow
 e - a +0 dagger
 g - a +1 dagger of venom (weapon)
Missiles
 c - 16 arrows
Armour
 d - a +1 robe (worn)
Scrolls
 h - a scroll of magic mapping
Potions
 b - 3 potions of curing {@q1}
 f - a potion of haste {@q3}
 i - a potion of cancellation {unknown}
 j - a potion of brilliance {unknown}


   Skills:
 - Level 1.7 Fighting
 + Level 1.3 Short Blades
 - Level 1.7 Bows
 - Level 2.2 Dodging
 - Level 1.0 Spellcasting
 - Level 3.0 Hexes


You had 2 spell levels left.
You knew the following spells:

 Your Spells              Type           Power      Damage    Failure   Level
a - Corona                Hex            10%        N/A       8%          1

Your spell library contained the following spells:

 Spells                   Type           Power      Damage    Failure   Level
 Slow                     Hex            9%         N/A       12%         2
 Animate Skeleton         Necr           0%         N/A       26%         1
 Apportation              Tloc           0%         N/A       26%         1
 Summon Small Mammal      Summ           0%         N/A       26%         1
 Call Imp                 Summ           0%         N/A       36%         2
 Inner Flame              Hex/Fire       4%         N/A       38%         3
 Portal Projectile        Hex/Tloc       8%         N/A       38%         3
 Summon Guardian Golem    Hex/Summ       4%         N/A       38%         3
 Cause Fear               Hex            4%         N/A       58%         4
 Call Canine Familiar     Summ           0%         N/A       61%         3
 Leda's Liquefaction      Hex/Erth       2%         N/A       80%         4
 Summon Ice Beast         Ice/Summ       0%         N/A       95%         4
 Summon Lightning Spire   Summ/Air       0%         N/A       95%         4


Dungeon Overview and Level Annotations

Branches:
Dungeon (2/15)

Altars:

Annotations:
D:2 Sigmund


Innate Abilities, Weirdness & Mutations

You have sharp toenails.


Message History

The bat closely misses you. The bat hits you but does no damage.
You hit the bat but do no damage.
The bat is poisoned.
Your kick misses the bat.
The bat is moderately wounded.
The bat closely misses you. The bat misses you. The bat barely misses you.
You kill the bat!
No target in view!
No target in view!
No target in view!
No target in view!
No target in view!
No target in view!
No target in view!
No target in view!
No target in view!
No target in view!
No target in view!
No target in view!
b - 3 potions of curing {@q1} (gained 1) Sigmund shouts!
Sigmund points at you and mumbles some strange words.
The magic dart hits you.
You see here 11 gold pieces.
Sigmund casts a spell.
Sigmund flickers and vanishes!
Deactivating autopickup; reactivate with Ctrl-A.
Something hits you!
There is a stone staircase leading up here.
You hear some strange, mumbled words.
You are confused.
In your confused state, you trip and fall back down the stairs.
Something hits you. Something hits you.
* * * LOW HITPOINT WARNING * * *
In your confused state, you trip and fall back down the stairs.
* * * LOW HITPOINT WARNING * * *
Something hits you!
You die...

# ##.#.....#
#..#####
..#####.#.....# #..#
# ..#
..............# #..#
# #...
..............# #..#
# ...
..#####.###...###..#
# ###.r#
##............#####
..#@.##
#..........#.......
..#...
#..###.#.#.##..####
..#.#
#.@###.........#
.@..#
#.........$....#
..###
#..###.###.##### ..#
#......# #.# ###
..#.###.# #.# ...#..
... ... .....### #.#
#.# ..... #.. ..#
### #.# #.#


There were no monsters in sight!

Vanquished Creatures
  2 dart slugs (D:1)
  3 endoplasms (D:1)
  A giant cockroach (D:1)
  3 goblins
  A hobgoblin (D:1)
  3 ball pythons (D:1)
  4 bats
  3 kobolds (D:1)
  2 rats (D:1)
22 creatures vanquished.

Notes
Turn   | Place    | Note
-------+----------+-------------------------------------------
     0 | D:1      | freelancePsychic the Demonspawn Arcane Marksman began the
                  | quest for the Orb.
     0 | D:1      | Reached XP level 1. HP: 15/15 MP: 2/2
   117 | D:1      | Gained mutation: You have sharp toenails. [demonic
                  | ancestry]
   117 | D:1      | Reached XP level 2. HP: 21/21 MP: 3/3
   344 | D:1      | Found a faded altar of an unknown god.
   786 | D:1      | Reached skill level 1 in Short Blades
  1002 | D:2      | Noticed Sigmund
  1170 | D:2      | Slain by Sigmund

Illustrated notes

Levels and vault maps discovered:
D:1:      psy_arrival_dodecagon, layout_loops_ring,
          ebering_ecumenical_altar_petrified
D:2:      minmay_roachtagon, layout_basic, minmay_goblin_kobold_house,
          uniq_sigmund

Skill      XL: |  1  2 |
---------------+-------+-----
Dodging        | 2 |  2.2
Short Blades   | 1 |  1.3
Fighting       | |  1.7
Bows           | |  1.7
Spellcasting   | |  1.0
Hexes          | |  3.0

Action                   || total
-------------------------++-------
Melee: Dagger            ||    27
       Kick              ||     5
 Fire: Shortbow          ||    30
  Use: Scroll            ||     4
Armor: Robe              ||    11
Dodge: Dodged            ||    25

Table legend: (Time is in decaauts)
 A = Elapsed time spent in this place.
 B = Non-inter-level travel time spent in this place.
 C = Inter-level travel time spent in this place.
 D = Time resting spent in this place.
 E = Time spent auto-exploring this place.
 F = Levels seen in this place.
 G = Mean time per level.
                   A        B        C        D        E       F      G
               +--------+--------+--------+--------+--------+-----+--------+
         Total |   1176 |   1138 |     38 |      0 |    944 |   2 |  588.0 |
       Dungeon |   1176 |   1138 |     38 |      0 |    944 |   2 |  588.0 |
               +--------+--------+--------+--------+--------+-----+--------+

Top non-repeatable levels by time:
     D:1: 1017 daAuts
     D:2: 158 daAuts
